 Dungeon Crawl Stone Soup version 0.31-a0-222-gefeffbb62a (webtiles) character file.

Game seed: 4165680738670124393

331 BritishOli the Trooper (level 6, -8/49 HPs)
             Began as a Demonspawn Fighter on July 5, 2023.
             Killed from afar by a steam dragon (18 damage)
             ... with a ball of steam
             ... on level 4 of the Dungeon.
             The game lasted 00:01:56 (2181 turns).

BritishOli the Trooper (Demonspawn Fighter)         Turns: 2181, Time: 00:01:57

Health: -8/49      AC: 10    Str: 18    XL:     6   Next: 26%
Magic:  6/6        EV: 14    Int:  9    God:
Gold:   147        SH:  5    Dex: 19    Spells: 5/5 levels left

rFire   . . .        a - +0 war axe
rCold   . . .        c - +0 buckler
rNeg    . . .        b - +0 scale mail
rPois   .            (no helmet)
rElec   .            o - +0 cloak
rCorr   .            (no gloves)
SInv    .            (no boots)
Will    .....        (no amulet) Stlth
                     e - +5 ring of evasion
HPRegen 0.28/turn    j - +6 ring of dexterity
MPRegen 0.10/turn

%: no passive effects
@: no status effects
A: molten scales 1, spiny 1, demonic touch 1
a: no special abilities


You were on level 4 of the Dungeon.
You visited 1 branch of the dungeon, and saw 4 of its levels.

You collected 147 gold pieces.

Inventory:

Hand Weapons
 a - a +0 war axe (weapon)
Missiles
 k - 2 throwing nets
Armour
 b - a +0 scale mail (worn)
 c - a +0 buckler (worn)
 o - a +0 cloak (worn)
Jewellery
 e - a +5 ring of evasion (left hand)
 j - a +6 ring of dexterity (right hand)
Scrolls
 f - 2 scrolls of fear {unknown}
 g - a scroll of silence {unknown}
 i - 2 scrolls of identify {unknown}
 m - 2 scrolls of butterflies {unknown}
 p - a scroll of teleportation {unknown}
 q - a scroll of enchant armour {unknown}
Potions
 d - 2 potions of might
 h - a potion of curing {unknown}
 l - a potion of attraction {unknown}
 n - a potion of brilliance {unknown}
 r - a potion of heal wounds {unknown}


   Skills:
 + Level 4.3 Fighting
 + Level 3.3 Axes
 + Level 4.0 Armour
 + Level 3.9 Shields


You had 5 spell levels left.
You didn't know any spells.
Your spell library contained the following spells:

 Spells                   Type           Power      Damage    Failure   Level
 Vhi's Electric Charge    Tloc/Air       0%         N/A       99%         3
 Freezing Cloud           Conj/Ice/Air   0%         6-21      100%        5


Dungeon Overview and Level Annotations

Branches:
Dungeon (4/15)
 Temple: D:4-7

Altars:

Annotations:
D:4 Pikel


Innate Abilities, Weirdness & Mutations

You are partially covered in molten scales. (AC +2)
You are partially covered in sharp spines.
Your touch may inflict minor irresistible damage on your foes.


Message History

You closely miss the ball python.
The ball python is struck by your spines.
You kill the ball python!
A steam dragon comes into view.
The steam dragon hisses angrily.
A steam dragon is nearby!
A steam dragon is nearby!
A steam dragon is nearby!
The steam dragon is struck by your spines.
The steam dragon closely misses you. You block the steam dragon's attack.
A steam dragon is nearby!
You barely miss the steam dragon.
The steam dragon is lightly wounded.
The steam dragon breathes steam at you. The ball of steam hits you!
You hear a shout! x3; You hear an angry hiss.
You're standing in a cloud of steam!
You're standing in a cloud of steam!
You hit the steam dragon but do no damage.
The steam dragon is lightly wounded.
You are engulfed in a cloud of scalding steam.
The steam dragon bites you but does no damage.
The steam dragon misses you.
Pikel, Merchant of Souls comes into view.
He is wielding a +1 whip of flaming.
The steam dragon barely misses you. The steam dragon closely misses you.
You are too injured to fight recklessly!
You are too injured to fight recklessly!
You closely miss the steam dragon.
The steam dragon is lightly wounded.
An adder comes into view.
The steam dragon bites you!
* * * LOW HITPOINT WARNING * * *
The steam dragon barely misses you.
The adder hisses angrily.
You slash the steam dragon!
The steam dragon is heavily wounded.
A lemure comes into view.
The steam dragon breathes steam at you. The ball of steam hits you!!
You die...

##...#### ######.#
#......#5.... .......#
#...S.......# ########
#.........K..
#...........#
#...........+
#...........#
#....D......#
#....@......#
#...........+
#....§......#
#....§......# #......#
####.##.....# #......#
#.##.....#
#......######.##.....#
#......#.............#
#......#.............##


You could see Pikel, a steam dragon (catching breath), a lemure and an adder.

Vanquished Creatures
  A scorpion (D:4)
  Crazy Yiuf (D:2)
  Jessica (D:3)
  4 orc wizards (D:4)
  3 adders
  2 worms
  2 dart slugs (D:4)
  13 orcs
  3 bats
  7 endoplasms
  2 giant cockroaches
  6 goblins
  2 hobgoblins
  3 jackals
  6 kobolds
  2 quokkas
  6 ball pythons
  8 rats
72 creatures vanquished.

Notes
Turn   | Place    | Note
-------+----------+-------------------------------------------
     0 | D:1      | BritishOli the Demonspawn Fighter began the quest for the
                  | Orb.
     0 | D:1      | Reached XP level 1. HP: 18/18 MP: 1/1
   251 | D:1      | Gained mutation: You are partially covered in molten
                  | scales. (AC +2) [demonic ancestry]
   251 | D:1      | Reached XP level 2. HP: 24/24 MP: 2/2
   968 | D:2      | Gained mutation: You are partially covered in sharp spines.
                  | [demonic ancestry]
   968 | D:2      | Reached XP level 3. HP: 24/29 MP: 3/3
  1254 | D:2      | Found a runed translucent door.
  1255 | D:2      | Noticed Crazy Yiuf
  1261 | D:2      | Killed Crazy Yiuf
  1347 | D:3      | Reached XP level 4. HP: 31/35 MP: 4/4
  1380 | D:3      | Got Sif Muna's Handbook of the Sixfirhy
  1729 | D:3      | Noticed Jessica
  1734 | D:3      | Killed Jessica
  1735 | D:3      | Reached XP level 5. HP: 40/42 MP: 5/5
  2040 | D:4      | Gained mutation: Your touch may inflict minor irresistible
                  | damage on your foes. [demonic ancestry]
  2040 | D:4      | Reached XP level 6. HP: 48/48 MP: 6/6
  2174 | D:4      | Noticed a steam dragon
  2179 | D:4      | Noticed Pikel
  2181 | D:4      | Killed from afar by a steam dragon

Illustrated notes

Levels and vault maps discovered:
D:1:      heliophobic_arrival_dark_side_of_the_moon, layout_loops_corners
D:2:      layout_rooms, uniq_crazy_yiuf_cottage
D:3:      layout_rooms, kennysheep_generic_room_15, uniq_jessica
D:4:      layout_basic, nicolae_overflow_hidden_temple, st_stairs_10,
          due_unseen_surprise, uniq_pikel

Skill      XL: |  1  2  3  4  5  6 |
---------------+-------------------+-----
Axes           | 2 3 |  3.3
Armour         | 3 4 |  4.0
Shields        | 3 |  3.9
Fighting       | 4 |  4.3

Action                     |  1- 3 |  4- 6 || total
---------------------------+-------+-------++-------
  Melee: War axe           |    95 |    77 ||   172
 Armour: Scale mail        |    41 |    28 ||    69
  Dodge: Dodged            |    43 |    44 ||    87
  Block: Buckler           |    20 |    18 ||    38

Table legend: (Time is in decaauts)
 A = Elapsed time spent in this place.
 B = Non-inter-level travel time spent in this place.
 C = Inter-level travel time spent in this place.
 D = Time resting spent in this place.
 E = Time spent auto-exploring this place.
 F = Levels seen in this place.
 G = Mean time per level.
                   A        B        C        D        E       F      G
               +--------+--------+--------+--------+--------+-----+--------+
         Total |   2249 |   2187 |     62 |      0 |   1737 |   4 |  562.2 |
       Dungeon |   2249 |   2187 |     62 |      0 |   1737 |   4 |  562.2 |
               +--------+--------+--------+--------+--------+-----+--------+

Top non-repeatable levels by time:
     D:1: 887 daAuts
     D:3: 593 daAuts
     D:2: 493 daAuts
     D:4: 275 daAuts
